 Dungeon Crawl Stone Soup version 0.23.2-1-ga50397a (webtiles) character file.

Game seed: 2971939215215701972

10075 classetmb the Blocker (level 11, -18/94 HPs)
             Began as a Hill Orc Fighter on May 27, 2019.
             Was a Believer of Beogh.
             Demolished by a two-headed ogre
             ... wielding a +0 giant club
             ... created by the rage of Trog
              (30 damage)
             ... on level 10 of the Dungeon.
             The game lasted 02:38:40 (11525 turns).

classetmb the Blocker (Hill Orc Fighter)           Turns: 11525, Time: 02:38:41

Health: -18/94     AC: 17    Str: 21    XL:     11   Next: 56%
Magic:  0/13       EV: 10    Int: 10    God:    Beogh [**....]
Gold:   583        SH: 24    Dex: 20    Spells: 10/10 levels left

rFire    . . .     SeeInvis +   d - +6 morningstar "Moim" {crush, Int+4 Dex+5 SInv}
rCold    . . .     Gourm    .   o - +0 large shield
rNeg     . . .     Faith    .   Y - +2 ring mail {MR+}
rPois    .         Spirit   +   (no helmet)
rElec    .         Reflect  +   J - scarf {Spirit}
rCorr    .         Harm     .   T - +0 pair of gloves
MR       +....                  c - +1 pair of boots
Stlth    +.........             O - +6 amulet of reflection
HPRegen  0.25/turn              r - +3 ring of protection
MPRegen  0.13/turn              p - +3 ring of dexterity

@: about to teleport
A: repulsion field 1, iridescent scales 1, dopey 1
a: Smiting, Renounce Religion


You were on level 10 of the Dungeon.
You worshipped Beogh.
Beogh was pleased with you.
You were not hungry.

You visited 2 branches of the dungeon, and saw 11 of its levels.

You collected 583 gold pieces.

Inventory:

Hand Weapons
 a - a +2 hand axe of freezing
 b - a +0 long sword
 d - the +6 morningstar "Moim" (weapon) {crush, Int+4 Dex+5 SInv}
   (You took it off an orc on level 6 of the Dungeon)

   It inflicts extra damage upon your enemies.
   It affects your intelligence (+4).
   It affects your dexterity (+5).
   It lets you see invisible.
 g - a cursed +4 long sword of freezing
 i - a +1 dagger of electrocution
 q - a +0 falchion
 y - a +2 war axe of venom
 F - a +1 dagger of venom
 R - a +1 whip of electrocution
 V - a +1 flail of protection
 X - a +1 spear of chaos
Missiles
 j - a silver tomahawk (quivered)
 m - 146 arrows
 u - 6 tomahawks
 I - 21 bolts
 P - 60 poisoned needles
 W - 191 stones
Armour
 c - a +1 pair of boots (worn)
 k - a +0 cloak
 o - a +0 large shield (worn)
 G - a +0 leather armour of magic resistance
 J - a scarf of spirit shield (worn)
 K - a +1 plate armour
 T - a +0 pair of gloves (worn)
 Y - a +2 ring mail of magic resistance (worn)
Jewellery
 p - a +3 ring of dexterity (right hand)
 r - a +3 ring of protection (left hand)
 t - an uncursed ring of fire
 x - a +2 ring of intelligence
 B - an uncursed ring of ice
 D - an uncursed amulet of regeneration
 O - a +6 amulet of reflection (around neck)
 U - an uncursed ring of see invisible
Wands
 v - a wand of random effects (23)
 w - a wand of flame (3)
 z - a wand of scattershot (4)
 N - a wand of acid (8)
Scrolls
 e - 2 scrolls of remove curse
 A - 2 scrolls of noise
 L - 2 scrolls of identify
 M - 3 scrolls of magic mapping
 Q - 2 scrolls of fog
Potions
 h - 2 potions of lignification
 l - a potion of haste
 n - 2 potions of mutation
 E - 2 potions of curing
 H - 3 potions of flight
 S - a potion of brilliance
 Z - a potion of agility
Comestibles
 f - 18 rations


   Skills:
 + Level 8.0 Fighting
 - Level 2.2(2.8) Short Blades
 - Level 2.8(3.3) Long Blades
 - Level 5.8(8.5) Axes
 + Level 8.0(8.7) Maces & Flails
   Level 5.8(6.8) Slings
 + Level 5.3(6.6) Throwing
 + Level 6.7 Armour
 + Level 1.1 Dodging
 + Level 0.6 Stealth
 + Level 10.2 Shields
 + Level 3.5 Invocations
 + Level 1.3 Evocations


You had 10 spell levels left.
You didn't know any spells.
Your spell library contained the following spells:

 Spells                   Type           Power        Failure   Level  Hunger
 Confusing Touch          Hex            #.....       99%         1    ##.....
 Confuse                  Hex            #.......     100%        3    ####...
 Gell's Gravitas          Tloc           #.........   100%        3    ####...
 Leda's Liquefaction      Hex/Erth       #.........   100%        4    #####..
 Petrify                  Tmut/Erth      #.......     100%        4    #####..
 Bolt of Magma            Conj/Fire/Erth #.........   100%        5    ######.
 Metabolic Englaciation   Hex/Ice        #.........   100%        5    ######.
 Yara's Violent Unravell  Hex/Tmut       #.........   100%        5    ######.
 Iron Shot                Conj/Erth      #.........   100%        6    #######
 Statue Form              Tmut/Erth      #........    100%        6    #######
 Shatter                  Erth           #.........   100%        9    #######


Dungeon Overview and Level Annotations

Branches:
Dungeon (10/15)            Temple (1/1) D:4            Lair (0/6) D:8
    Orc: D:9-12

Altars:
Ashenzari
Cheibriados
Dithmenos
Elyvilon
Fedhas
Gozag
Hepliaklqana
Kikubaaqudgha
Makhleb
Nemelex Xobeh
Okawaru
Qazlal
Ru
Sif Muna
Trog
Uskayaw
Vehumet
Wu Jian
Xom
Yredelemnul
Zin
The Shining One


Innate Abilities, Weirdness & Mutations

You are surrounded by a mild repulsion field. (EV +2)
You are partially covered in iridescent scales. (AC +2)
You are dopey. (Int -2)


Message History

The polar bear is heavily wounded.
You block the black bear's attack. x2
The black bear claws you but does no damage.
You block the two-headed ogre's attack. x2; The polar bear bites you!
The polar bear claws you but does no damage. x2
The polar bear bites you.
* * * LOW HITPOINT WARNING * * *
The polar bear claws you.
* * * LOW HITPOINT WARNING * * *
The polar bear claws you but does no damage.
The black bear bites you!
* * * LOW HITPOINT WARNING * * *
The black bear claws you but does no damage.
The black bear closely misses you. The polar bear bites you.
* * * LOW HITPOINT WARNING * * *
The polar bear barely misses you. You block the polar bear's attack.
The polar bear barely misses you. The polar bear closely misses you.
The polar bear claws you but does no damage.
The two-headed ogre hits you with a +0 giant club!!
You die...

........##
*.....,,,,,,**
.[.......#
*#....,,,,,,*
.........##
#...,,,,,,**
..........#
#..#*******
..........# #..##
.........## #...#
.......######..h#
..............hh###
.<...<...######O@h#**
.#......## ###h..#**
##.....## *##...#***
##....## **#...,*
#....## **.(** ....##
*,#* ....# **,* ...##
*,,* ..## *,**


You could see a two-headed ogre (berserk), 2 polar bears and 3 black bears.

Vanquished Creatures
  A hydra (D:10)
  A two-headed ogre (D:10)
  The ghost of Terandir the Cleaver, a novice MiFi of Okawaru (D:7)
  Pikel (D:4)
  An ugly thing (D:9)
  2 komodo dragons (D:8)
  4 trolls
  4 polar bears
  A wraith (D:10)
  A wyvern (D:8)
  A basilisk (D:8)
  A hungry ghost (D:7)
  An acid dragon (D:8)
  2 orc warriors
  4 sky beasts
  A slave (D:4)
  3 ice beasts
  8 black bears
  10 ogres
  A necrophage (D:10)
  4 phantoms
  5 bullfrogs
  A water moccasin zombie (D:7)
  2 wyvern zombies
  3 scorpions
  9 killer bees (D:7)
  4 wights (D:7)
  6 crimson imps
  3 jellies
  5 quasits (D:7)
  A bullfrog zombie (D:5)
  8 hounds
  A bullfrog skeleton (D:6)
  2 centaur skeletons
  6 orc priests
  An iguana (D:8)
  Terence (D:2)
  Natasha (thrice) (D:2)
  10 orc wizards
  8 worker ants
  A hound zombie (D:6)
  A hound skeleton (D:7)
  13 adders
  9 gnolls
  An ooze (D:3)
  2 adder skeletons
  3 worms
  2 dart slugs (D:2)
  6 leopard geckos
  52 orcs
  2 ball pythons
  4 giant cockroaches
  5 goblins
  11 hobgoblins
  10 jackals
  3 quokkas
  6 bats
  5 frilled lizards
  A giant cockroach zombie (D:5)
  7 kobolds
  A quokka skeleton (D:4)
  11 rats
288 creatures vanquished.

Vanquished Creatures (others)
  A cyclops (D:9)
  3 centaurs
  An orc (D:5)
5 creatures vanquished.

Grand Total: 293 creatures vanquished

Notes
Turn   | Place    | Note
-------+----------+-------------------------------------------
     0 | D:1      | classetmb the Hill Orc Fighter began the quest for the Orb.
     0 | D:1      | Reached XP level 1. HP: 19/19 MP: 1/1
   325 | D:1      | Reached XP level 2. HP: 27/27 MP: 2/2
   937 | D:2      | Noticed Natasha
   939 | D:2      | Noticed a crimson imp
   942 | D:2      | Reached skill level 1 in Slings
   942 | D:2      | Reached XP level 3. HP: 33/33 MP: 3/3
   954 | D:2      | Killed Natasha
  1042 | D:2      | Reached XP level 4. HP: 23/40 MP: 4/4
  1187 | D:2      | Noticed Natasha
  1203 | D:2      | Killed Natasha
  1203 | D:2      | Reached skill level 4 in Shields
  1403 | D:2      | Found an opulent altar of Gozag.
  1461 | D:2      | Noticed Natasha
  1475 | D:2      | Killed Natasha
  1475 | D:2      | Reached XP level 5. HP: 47/47 MP: 5/5
  1816 | D:2      | Noticed Terence
  1832 | D:2      | Killed Terence
  1968 | D:2      | Reached skill level 1 in Short Blades
  2243 | D:3      | Reached XP level 6. HP: 55/55 MP: 6/6
  2307 | D:3      | Reached skill level 5 in Fighting
  2742 | D:4      | Found a staircase to the Ecumenical Temple.
  2773 | D:4      | Noticed a slave
  2773 | D:4      | Noticed a slave
  2773 | D:4      | Noticed Pikel
  2775 | D:4      | Noticed a slave
  2785 | D:4      | Killed a slave
  2790 | D:4      | Noticed a slave
  2808 | D:4      | Killed Pikel
  2808 | D:4      | Reached skill level 5 in Shields
  2808 | D:4      | Reached XP level 7. HP: 40/61 MP: 7/7
  2808 | D:4      | Reached XP level 8. HP: 46/69 MP: 8/8
  3004 | D:4      | Reached skill level 5 in Slings
  3157 | D:4      | Found a shattered altar of Ashenzari.
  3331 | D:4      | Found a glowing golden altar of the Shining One.
  3625 | Temple   | Entered the Ecumenical Temple
  3780 | Temple   | Became a worshipper of Trog the Wrathful
  3842 | D:5      | Entered Level 5 of the Dungeon
  3933 | D:5      | Reached skill level 6 in Shields
  4188 | D:5      | Reached skill level 5 in Armour
  4207 | D:5      | Reached skill level 1 in Axes
  4213 | D:5      | Fell from the grace of Trog
  4213 | D:5      | Became a worshipper of Beogh the Brigand
  5320 | D:6      | Reached XP level 9. HP: 78/78 MP: 9/9
  5326 | D:6      | Reached skill level 1 in Throwing
  5551 | D:6      | Identified the +6 morningstar "Moim" {crush, Int+4 Dex+5
                  | SInv}
  5632 | D:6      | Reached skill level 7 in Shields
  5740 | D:6      | Reached skill level 5 in Axes
  6140 | D:7      | Reached * piety under Beogh
  6141 | D:7      | Reached skill level 1 in Maces & Flails
  6206 | D:7      | Reached skill level 1 in Evocations
  6477 | D:7      | Found a white marble altar of Elyvilon.
  6582 | D:7      | Found a hazy altar of Hepliaklqana.
  6656 | D:7      | Found a transporter.
  6660 | D:7      | Noticed Terandir's ghost (novice MiFi)
  6673 | D:7      | Noticed a polar bear
  6752 | D:7      | Reached skill level 8 in Shields
  6752 | D:7      | Reached XP level 10. HP: 31/84 MP: 10/10
  6948 | D:7      | Reached ** piety under Beogh
  7075 | D:7      | Found a transporter.
  7224 | D:7      | Killed Terandir's ghost
  7563 | D:7      | Reached skill level 1 in Invocations
  7920 | D:8      | Reached skill level 9 in Shields
  8013 | D:8      | Reached skill level 5 in Maces & Flails
  8013 | D:8      | Reached skill level 1 in Dodging
  8280 | D:8      | Identified a scroll of acquirement
  8289 | D:8      | Found a staircase to the Lair.
  8308 | D:8      | Paralysed by Trog for 5 turns
  8405 | D:8      | Found a shimmering altar of Xom.
  9524 | D:8      | Gained mutation: You are dopey. (Int -2) [potion of
                  | mutation]
  9524 | D:8      | Gained mutation: You are partially covered in iridescent
                  | scales. (AC +2) [potion of mutation]
  9524 | D:8      | Gained mutation: You are surrounded by a mild repulsion
                  | field. (EV +2) [potion of mutation]
  9839 | D:8      | Found a shattered altar of Ashenzari.
  9862 | D:8      | Found a stormy altar of Qazlal.
  9862 | D:8      | Found a glowing silver altar of Zin.
  9868 | D:8      | Found a deep blue altar of Sif Muna.
 10170 | D:9      | Noticed a cyclops
 10171 | D:9      | Killed a cyclops
 10171 | D:9      | Reached XP level 11. HP: 93/93 MP: 12/12
 10187 | D:9      | Noticed a red ugly thing
 10198 | D:9      | Killed a red ugly thing
 10292 | D:9      | Found a burning altar of Makhleb.
 10604 | D:10     | Entered Level 10 of the Dungeon
 10610 | D:10     | Noticed a four-headed hydra
 10630 | D:10     | Noticed a two-headed ogre
 10893 | D:10     | Reached skill level 5 in Throwing
 11085 | D:10     | Killed a four-headed hydra
 11085 | D:10     | Reached skill level 10 in Shields
 11411 | D:10     | Killed a two-headed ogre
 11521 | D:10     | Noticed a two-headed ogre
 11525 | D:10     | Demolished by a two-headed ogre

Skill      XL: |  1  2  3  4  5  6  7  8  9 10 11 |
---------------+----------------------------------+-----
Fighting       | 4 5 6 7 8 |  8.0
Slings         | 1 2 4 5 |  5.8
Shields        | 4 5 6 8 9 10 | 10.2
Short Blades   | 1 2 |  2.2
Armour         | 4 5 6 |  6.7
Axes           | 2 5 |  5.8
Throwing       | 3 4 5 |  5.3
Maces & Flails | 3 6 8 |  8.0
Evocations     | 1 |  1.3
Invocations    | 2 3 |  3.5
Dodging        | 1 |  1.1
Long Blades    | |  2.8
Stealth        | |  0.6

Action                   |  1- 3 |  4- 6 |  7- 9 | 10-12 || total
-------------------------+-------+-------+-------+-------++-------
Melee: Long sword        |    27 |       |       |       ||    27
       Dagger            |    33 |   164 |    50 |       ||   247
       Hand axe          |       |       |   109 |       ||   109
       Whip              |       |       |    22 |       ||    22
       Morningstar       |       |       |   107 |   286 ||   393
 Fire: Hunting sling     |    15 |    98 |    56 |    14 ||   183
Throw: Tomahawk          |       |       |    56 |   144 ||   200
       Stone             |       |       |    15 |    59 ||    74
Invok: Convert to Beogh  |       |       |     1 |       ||     1
       Smiting           |       |       |       |    12 ||    12
Evoke: Wand              |       |       |    11 |     9 ||    20
  Use: Potion            |     3 |     2 |     9 |     6 ||    20
       Scroll            |     1 |    10 |     7 |    14 ||    32
  Eat: Chunk             |       |     6 |     7 |    10 ||    23
       Ration            |       |       |     2 |     2 ||     4
Armor: Scale mail        |     7 |       |       |       ||     7
       Chain mail        |    12 |    33 |       |       ||    45
       Plate armour      |       |    35 |   105 |   178 ||   318
       Ring mail         |       |       |       |    10 ||    10
Dodge: Dodged            |     6 |     9 |     8 |    58 ||    81
Block: Shield            |    15 |       |       |       ||    15
       Large shield      |     9 |    96 |   300 |   443 ||   848
       Reflection        |       |     1 |     6 |    19 ||    26
       Rpst.: Long sword |     1 |       |       |       ||     1
